 BcadrenCrawl: Boulder Brew version 0.05.4-52-gbd2e00ed8b (webtiles) character file.

Game seed: 11559060546308586999, levelgen mode: deterministic

140 namelastname112 the Ruffian (level 5, -1/42 HPs) Immature Draconian Transmuter. Began on May 8, 2022. Slain by a sewer rat (2 damage) ... on level 2 of the Dungeon. The game lasted 00:03:16 (921 turns).

namelastname112 the Ruffian (DrTm)                   Turns: 921, Time: 00:03:17

Health: -1/42      AC:  6    Str: 16    XL:     5 ^: 179
Magic:  10/10      EV: 12    Int: 17    God:
Gold:   87         SH:  0    Dex:  9    Spells: 7/11 levels left

rFire    . . .     Vision   .     - Unarmed
rCold    . . .     Gourm    .     - Unarmed
rNeg     . . .     Faith    .   (armour unavailable)
rCorr    . . .     Spirit   .   (helmet restricted)
rPois    .         Reflect  .   (no cloak)
rElec    .         Harm     .   (no gloves)
MR       .....     Rnd*Tele +   (boots unavailable)
Stlth    +.........             (no amulet)
HPRegen  0.24/turn              (no ring)
MPRegen  0.20/turn              (no ring)

@: about to teleport
A: hooves, deformed body 2, STR +3, INT +4, DEX -3, teleportitis, cold-blooded,
AC +6
a: Breathe Dart


You were on level 2 of the Dungeon.
You were not hungry.

You visited 1 branch of the dungeon, and saw 2 of its levels.

You collected 87 gold pieces.

Inventory:

Jewellery
 e - a cursed ring of wizardry {(Curse: rF-)}
Scrolls
 d - a scroll of enchantment
Potions
 a - a potion of lignification
 c - a potion of heal wounds
Comestibles
 b - 3 rations


   Skills:
 + Level 2.6 Fighting
 + Level 2.2 Dodging
 * Level 3.7 Unarmed Combat
 + Level 3.5 Spellcasting
 + Level 2.2 Transmutations


You had 7 spell levels left.
You knew the following spells:

 Your Spells              Type           Power        Failure   Level  Hunger
a - Beastly Appendage     Tmut           10 (50)      6%          1    0
c - Scorpion Form         Tmut/Pois      6 (200)      30%         3    60-120

Your spell library contained the following spells:

 Spells                   Type           Power        Failure   Level  Hunger
 Sticks to Snakes Tmut 10 (100) 10% 2 20-60 Snakes to Sticks Hex/Tmut 6 (100) 30% 3 60-120 Ice Form Ice/Tmut 6 (100) 71% 4 140-240 Blade Hands Tmut           10 (200)     87%         5    260-420


Dungeon Overview and Level Annotations

Branches:
Dungeon (2/8)

Altars:


Innate Abilities, Weirdness & Mutations

Your plain brown scales are resilient. (AC +6)
You can breathe rudimentary magical darts.
You cannot wear any armour on your peculiar form.
You are cold-blooded and are slowed more easily by cold attacks.
You have hooves in place of feet.
You are very strong, very clever and very clumsy. (STR +3, INT +4, DEX -3)
You are often teleported next to monsters.


Message History

The sewer rat bites you (4)! * * * don't die
* * *
As you read the scroll of teleportation, it crumbles to dust!
You feel strangely unstable!
The sewer rat bites you but does no damage!
You pummel the sewer rat like a punching bag (3)!
It is struck brutally!!!
You squash the sewer rat like an ant (4)!
It is struck brutally!!!
Your kick misses the sewer rat!
The sewer rat is severely wounded! (4/11) HP The sewer rat bites you (2)! * * * don't die
* * * You hear a distant slurping noise!
You squash the sewer rat but do no damage!
You pummel the sewer rat but do no damage!
The sewer rat is severely wounded! (4/11) HP The sewer rat bites you (4)! * * * don't die
* * * The sewer rat bites you but does no damage!
The sewer rat bites you (2)! rip

≈.#≈....### ≈PP.≈≈#
#≈......≈≈## P≈PP..
#.........≈## ≈≈PP≈.
#...........##≈P≈≈≈P#
#.........≈##PP≈≈≈≈#
###........##≈≈PPP..
##.≈.#≈r..P≈P≈..;.
######≈#..r.#....≈.#
#.#.r@.###....≈.≈≈≈≈≈#
#≈..rrr#.##.r...≈≈≈≈≈≈
##.r≈#≈.≈.##..#.≈≈≈≈≈#
#≈.≈###.r####.#r≈≈≈≈≈.
#.r# ##r≈#≈###r≈≈≈≈.#
#≈r #≈r###≈##≈≈J≈≈..
... #.w##.≈.#.rP≈≈.#
≈.# #.≈#...##....PPP
#.r#..r##≈J≈..P#


You could see 10 sewer rats.

Vanquished Creatures
  2 giant cockroaches (D:1)
  4 sewer rats (D:2)
  A cinder newt (D:1)
  2 worms (D:2)
  An ooze (D:2)
  A dart slug (D:1)
  2 leopard geckos (D:1)
  5 bats (D:1)
  8 goblins (D:1)
  9 hobgoblins (D:1)
  6 kobolds (D:1)
  A ball python (D:2)
  A bat skeleton (D:2)
  7 rats (D:1)
50 creatures vanquished.

Vanquished Creatures (others)
  35 withered plants (D:2)
35 creatures vanquished.

Grand Total: 85 creatures vanquished

Notes
Turn   | Place    | Note
-------+----------+-------------------------------------------
     0 | D:1      | namelastname112 the Immature Draconian Transmuter began the
                  | quest for the Orb.
     0 | D:1      | Reached XP level 1. HP: 16/16 MP: 4/4
    20 | D:1      | Reached XP level 2. HP: 24/24 MP: 5/5
    56 | D:1      | Reached XP level 3. HP: 11/29 MP: 5/7
   329 | D:1      | Gained mutation: You have hooves in place of feet. [potion
                  | of mutation]
   329 | D:1      | Gained mutation: You are often teleported next to monsters.
                  | [potion of mutation]
   329 | D:1      | Gained mutation: You are very strong, very clever and very
                  | clumsy. (STR +3, INT +4, DEX -3) [potion of mutation]
   375 | D:1      | Reached XP level 4. HP: 32/36 MP: 8/8
   741 | D:2      | Learned a level 3 spell: Scorpion Form
   834 | D:2      | Noticed a big kobold
   910 | D:2      | Reached XP level 5. HP: 10/42 MP: 10/10
   921 | D:2      | HP: 1/42 [sewer rat (4)]
   921 | D:2      | Slain by a sewer rat

Levels and vault maps discovered:
D:1:      dpeg_arrival_houses_and_road, layout_cave_pools
D:2:      layout_sewer

Skill      XL: |  1  2  3 |
---------------+----------+-----
Unarmed Combat | 3 |  3.7
Spellcasting   | 3 |  3.5
Fighting       | 2 |  2.6
Dodging        | 2 |  2.2
Transmutations | 2 |  2.2

Action                   |  1- 3 |  4- 6 || total
-------------------------+-------+-------++-------
Melee: Unarmed           |   106 |   125 ||   231
       Peck              |     5 |     9 ||    14
       Kick              |     2 |    12 ||    14
  Use: Potion            |     1 |       ||     1
       Scroll            |       |     2 ||     2
Armor: Skin              |    20 |    33 ||    53
Dodge: Dodged            |    12 |    32 ||    44
